 Dungeon Crawl Stone Soup version 0.26.1-11-gd32895ea62 (webtiles) character file.

Game seed: 569303101961261524

281187 teolandon225 the Hoplite (level 19, -5/189 HPs)
             Began as a Minotaur Berserker on Apr 14, 2021.
             Was an Elder of Trog.
             Slain by a death yak (35 damage)
             ... summoned by a spriggan berserker
             ... on level 2 of the Depths on Apr 22, 2021.
             The game lasted 01:36:53 (52370 turns).

teolandon225 the Hoplite (Minotaur Berserker)      Turns: 52370, Time: 01:36:54

Health: -5/189     AC: 20    Str: 30    XL:     19   Next: 70%
Magic:  18/18      EV: 12    Int:  4    God:    Trog [****..]
Gold:   3113       SH:  0    Dex: 10    Spells: 18/18 levels left

rFire    . . .     SeeInvis .   G - +3 battleaxe (vamp)
rCold    . . .     Faith    .   (shield currently unavailable)
rNeg     . . .     Spirit   .   P - +6 plate armour {Will+}
rPois    +         Reflect  .   b - +1 hat
rElec    .         Harm     .   s - scarf {repulsion}
rCorr    .         Rampage  .   x - +0 pair of gloves
Will     ++++.                  D - +0 pair of boots
Stlth    ..........             T - amulet of the acrobat
HPRegen  1.41/turn              g - +4 ring of slaying
MPRegen  0.16/turn              q - ring of poison resistance

@: berserk cooldown, regenerating, slowed, repel missiles, very slow
A: retaliatory headbutt, horns 2
}: 2/15 runes: barnacled, gossamer
a: Renounce Religion, Berserk, Trog's Hand, Brothers in Arms


You were on level 2 of the Depths.
You worshipped Trog.
Trog was greatly pleased with you.
You visited 6 branches of the dungeon, and saw 33 of its levels.

You collected 3548 gold pieces.
You spent 435 gold pieces at shops.

Inventory:

Hand Weapons
 m - the +5 demon whip "Sogaoc Ceama" {flame, Int+3}
   (You found it on level 13 of the Dungeon)

   It has been specially enchanted to burn those struck by it, causing extra
   injury to most foes and up to half again as much damage against particularly
   susceptible opponents.
   It affects your intelligence (+3).
 B - a +9 vorpal battleaxe
 G - a +3 vampiric battleaxe (weapon)
Armour
 b - a +1 hat (worn)
 i - a +2 plate armour of cold resistance
 s - a scarf of repulsion (worn)
 x - a +0 pair of gloves (worn)
 D - a +0 pair of boots (worn)
 P - a +6 plate armour of willpower (worn)
Jewellery
 e - a +6 ring of dexterity
 g - a +4 ring of slaying (left hand)
 q - a ring of poison resistance (right hand)
 u - a +6 ring of strength
 w - an uncursed ring of protection from cold
 F - an uncursed ring of willpower
 S - a +6 ring of strength
 T - an amulet of the acrobat (around neck)
 Z - an uncursed ring of willpower
Wands
 M - a wand of digging (6)
 O - a wand of paralysis (33)
Scrolls
 a - a scroll of fog
 c - 11 scrolls of remove curse
 h - a scroll of summoning
 r - 10 scrolls of teleportation
 v - a scroll of fear
 H - a scroll of magic mapping
 K - a scroll of holy word
 U - 6 scrolls of identify
 V - a scroll of blinking
Potions
 f - 6 potions of ambrosia
 j - 4 potions of lignification
 k - 4 potions of haste
 l - 6 potions of invisibility
 n - 4 potions of might
 o - 19 potions of curing
 p - 3 potions of heal wounds
 t - 3 potions of magic
 z - 6 potions of cancellation
 C - 5 potions of resistance
 E - 4 potions of flight
 L - 5 potions of attraction


   Skills:
 + Level 21.0 Fighting
 - Level 20.0 Axes
 - Level 2.4 Armour
 - Level 11.3 Dodging
 * Level 23.9 Shields


You had 18 spell levels left.
You didn't know any spells.
Your spell library was empty.

Dungeon Overview and Level Annotations

Branches:
Dungeon (15/15) Temple (0/1) D:5 Lair (6/6) D:9 Shoals (4/4) Lair:4 Spider (4/4) Lair:4 Slime (0/5) Lair:6 Orc (2/2) D:9 Elf (0/3) Orc:2 Vaults (0/5) D:13 D:14 Depths (2/5) D:15

Altars:
Ashenzari
Cheibriados
Elyvilon
Gozag
Hepliaklqana
Kikubaaqudgha
Nemelex Xobeh
Okawaru
Qazlal
Ru
Sif Muna
Uskayaw
Wu Jian
Zin
The Shining One
Beogh
Jiyva

Shops:
Orc:2 *(([!*

Portals:
Hell: Depths:1

Annotations:
Lair:3 exclusion: oklob plant
Shoals:1 exclusion: downstairs
Depths:1 exclusion: door


Innate Abilities, Weirdness & Mutations

You reflexively headbutt those who attack you in melee.
You have a pair of horns on your head.


Message History

The death yak gores you!
* * * LOW HITPOINT WARNING * * *
You are covered in liquid flames!
* * * LOW HITPOINT WARNING * * *
Your ogre hits the death yak with a +0 giant club!!
The death yak gores your ogre!!
Your ogre hits the death yak with a +0 giant club!
The spriggan berserker misses you. The death yak gores your ogre!
Your ogre dies!
Your ogre's corpse disappears in a puff of smoke!
The spriggan berserker hits you with a +0 quick blade!
* * * LOW HITPOINT WARNING * * *
There is an open door, spattered with blood here.
Things that are here:
a +4 battleaxe; a +0 plate armour
Okay, then.
You feel much better.
The spriggan berserker hits you but does no damage.
The death yak gores you!!
You die...

##.# ♣...# #.. ....
♣#..####### .....
#......... #...# ###
#.######## .
....######.###.########
...♣.cc......##..........
......)C.........########
##CiYo..###..# # ###@####
#..... # #...†..+ ..#####
# #..††..##### # +......#
# #......# # #......# #
#......# . #......# #
#......#


You could see a stone giant, a death yak (summoned, berserk), 2 yaktaur
captains, an orc knight (strong), an ettin and a spriggan berserker.

Vanquished Creatures
  Saint Roka (Orc:2)
  Nikola (Shoals:4)
  A pearl dragon (Depths:1)
  Rupert (D:13)
  Jorgrun (Spider:1)
  Polyphemus (Shoals:4)
  A kraken (Shoals:4)
  Donald (Shoals:4)
  A storm dragon (D:12)
  5 emperor scorpions
  4 ghost moths (Spider:4)
  An orc warlord (Orc:1)
  Louise (Spider:1)
  4 very ugly things (Depths:2)
  An ophan (Depths:1)
  An apis (Depths:1)
  3 stone giants
  2 entropy weavers (Spider:3)
  The ghost of Obien the Grappler, a journeyman TrHu of Okawaru (D:13)
  A spark wasp (Spider:4)
  2 ettins
  A merfolk javelineer (Shoals:4)
  4 merfolk impalers
  2 fire dragons
  The ghost of Daunt the Dealer of Despair, a journeyman HuNe of Kikubaaqudgha (Lair:1)
  The ghost of Jeban the Spear-Bearer, a journeyman OpFi of Gozag (Lair:5)
  Josephine (Shoals:1)
  Fannar (Lair:1)
  A great orb of eyes (Depths:1)
  4 boulder beetles
  An ice dragon (D:15)
  4 hydras
  A merfolk avatar (Lair:6)
  3 centaur warriors
  A spriggan air mage (Depths:1)
  A death knight (D:14)
  11 two-headed ogres
  Erica (Lair:1)
  4 catoblepae
  3 merfolk aquamancers (Shoals:4)
  2 satyrs (Shoals:4)
  4 tengu warriors
  18 death yaks
  An orc high priest (Orc:2)
  The ghost of 0gre the Frost Mage, a novice GnIE of Vehumet (D:9)
  5 hell knights (Depths:2)
  2 deep elf knights (D:15)
  2 spriggan berserkers (Depths:1)
  The ghost of Mrcawl the Cruncher, a novice TeGl (D:8)
  A soul eater (Depths:1)
  15 sea snakes
  2 unseen horrors
  A deep troll (D:15)
  A deep elf archer (D:15)
  2 wizards
  9 orc knights
  A phantasmal warrior (D:12)
  Pikel (D:5)
  2 necromancers (Depths:2)
  A deep elf mage (D:14)
  15 harpies
  8 orb spiders
  12 ugly things
  5 orc sorcerers
  30 wolf spiders
  15 manticores
  6 cyclopes
  17 fauns
  A moth of wrath (Spider:4)
  12 merfolk sirens
  20 elephants
  Maurice (Orc:1)
  4 black mambas
  5 water nymphs
  2 torpor snails
  12 cane toads
  A gargoyle (D:10)
  2 smoke demons (Depths:1)
  7 rime drakes
  11 komodo dragons
  2 kobold demonologists
  2 yaktaurs
  6 hellwings (Depths:1)
  7 demonic crawlers
  2 tengu conjurers
  2 red devils (Depths:1)
  23 merfolk
  4 polar bears
  3 meliai (Spider:4)
  9 wind drakes
  19 jumping spiders
  10 trolls
  14 blink frogs
  A queen bee (shapeshifter) (Depths:2)
  10 hornets
  11 slime creatures
  19 dream sheep
  A meliai zombie (D:15)
  12 snapping turtles
  2 spriggans (Depths:1)
  61 redbacks
  19 tarantellas
  2 shadows
  A vampire (D:14)
  16 humans
  6 wyverns
  5 water elementals
  64 yaks
  5 wraiths
  7 vampire mosquitoes
  2 steam dragons (D:12)
  4 basilisks
  8 wargs
  Edmund (D:5)
  An acid dragon (D:13)
  24 water moccasins
  4 ice beasts
  41 orc warriors
  A sky beast (D:9)
  Duvessa (D:6)
  11 ogres
  2 phantoms
  4 black bears
  10 centaurs
  A necrophage (D:9)
  3 boggarts (D:15)
  3 lemures (D:5)
  7 big kobolds
  Blork the orc (D:6)
  26 bullfrogs
  A wyvern zombie (D:12)
  A gnoll sergeant (D:6)
  Dowan (D:6)
  A wyvern skeleton (D:7)
  4 scorpions
  30 killer bees
  6 wights
  5 howler monkeys
  8 electric eels
  5 centaur zombies
  5 crimson imps (Depths:1)
  2 bullfrog zombies (D:5)
  7 hounds
  19 orc priests
  37 orc wizards
  12 jellies
  2 bullfrog skeletons
  4 centaur skeletons
  5 iguanas
  Ijyb (D:4)
  7 hell rats (Lair:2)
  7 worker ants
  A hound zombie (D:10)
  2 hound skeletons
  12 gnolls
  14 adders
  2 shadow imps
  3 white imps
  5 ufetubi
  An ooze (Lair:6)
  An adder zombie (D:9)
  An adder skeleton (D:9)
  2 worms (D:2)
  12 dart slugs
  8 leopard geckos
  103 orcs
  A ball python (D:3)
  7 giant cockroaches
  21 goblins
  12 hobgoblins
  9 jackals
  4 quokkas
  5 bats
  2 frilled lizards (D:2)
  79 kobolds
  2 leopard gecko skeletons
  2 leopard gecko zombies
  A quokka skeleton (D:4)
  A quokka zombie (D:9)
  6 rats
  2 tentacles (Shoals:4)
1330 creatures vanquished.

Vanquished Creatures (collateral kills)
  A fire giant (Depths:1)
  A merfolk impaler (Shoals:2)
  A merfolk javelineer (D:15)
  The ghost of Vuirau the Carver, a journeyman DsGl of Okawaru (D:15)
  Erolcha (D:10)
  3 hydras
  An alligator snapping turtle (Shoals:2)
  A naga warrior (D:15)
  A centaur warrior (D:15)
  2 death yaks (Lair:2)
  A sea snake (Shoals:2)
  5 orb spiders
  A merfolk siren (Shoals:2)
  An elephant (Lair:5)
  2 cane toads
  2 merfolk (Shoals:2)
  3 jumping spiders
  2 redbacks (Spider:4)
  A water elemental (Shoals:1)
  4 yaks (Lair:2)
  A tarantella (Spider:4)
  A big kobold (D:7)
  An orc wizard (D:10)
  A worker ant (D:8)
  A shadow imp (D:5)
  An adder skeleton (D:9)
  An orc (D:10)
  6 kobolds (D:7)
48 creatures vanquished.

Vanquished Creatures (others)
  A merfolk avatar (Shoals:2)
  2 jumping spiders
  An orc (Orc:1)
  99 fungi
  223 plants
  23 tentacles
  2 withered plants (Lair:1)
351 creatures vanquished.

Grand Total: 1729 creatures vanquished

Notes
Turn   | Place    | Note
-------+----------+-------------------------------------------
     0 | D:1      | teolandon225 the Minotaur Berserker began the quest for the
                  | Orb.
     0 | D:1      | Reached XP level 1. HP: 19/19 MP: 0/0
    52 | D:1      | Reached XP level 2. HP: 11/27 MP: 1/1
   566 | D:1      | Reached XP level 3. HP: 33/33 MP: 2/2
  1229 | D:2      | Reached ** piety under Trog
  1741 | D:2      | Found a broken altar of Ashenzari.
  1742 | D:2      | Found an opulent altar of Gozag.
  1745 | D:2      | Found a hide-covered altar of Uskayaw.
  1745 | D:2      | Found a shimmering blue altar of Sif Muna.
  1764 | D:2      | Reached skill level 5 in Axes
  1764 | D:2      | Reached XP level 4. HP: 40/40 MP: 3/3
  2171 | D:2      | Reached XP level 5. HP: 45/47 MP: 4/4
  2739 | D:3      | Reached *** piety under Trog
  3021 | D:3      | Reached skill level 5 in Fighting
  3021 | D:3      | Reached XP level 6. HP: 56/56 MP: 5/5
  3375 | D:3      | Reached **** piety under Trog
  3411 | D:3      | Reached XP level 7. HP: 62/62 MP: 6/6
  3903 | D:4      | Noticed Ijyb
  3917 | D:4      | Killed Ijyb
  4085 | D:4      | Reached skill level 5 in Dodging
  4171 | D:4      | Found an iron altar of Okawaru.
  4401 | D:4      | Found a snail-covered altar of Cheibriados.
  4726 | D:5      | Entered Level 5 of the Dungeon
  4865 | D:5      | Found a staircase to the Ecumenical Temple.
  5111 | D:5      | Noticed Edmund
  5119 | D:5      | Killed Edmund
  5120 | D:5      | Reached XP level 8. HP: 71/71 MP: 7/7
  5568 | D:5      | Noticed Pikel
  5577 | D:5      | Killed Pikel
  5753 | D:6      | Reached skill level 10 in Axes
  5770 | D:6      | Found an ornate altar of the Wu Jian Council.
  5912 | D:6      | Noticed Dowan
  5917 | D:6      | Noticed Duvessa
  5925 | D:6      | Killed Duvessa
  5938 | D:6      | Killed Dowan
  5939 | D:6      | Reached XP level 9. HP: 71/81 MP: 8/8
  6092 | D:6      | Noticed Blork the orc
  6100 | D:6      | Killed Blork the orc
  6338 | D:6      | You fall into a shaft and drop 1 floor!
  6774 | D:6      | Found a sparkling altar of Nemelex Xobeh.
  7166 | D:7      | Reached ***** piety under Trog
  7818 | D:8      | Found an ancient bone altar of Kikubaaqudgha.
  7978 | D:8      | Found a sacrificial altar of Ru.
  8122 | D:8      | Found a runed translucent gate.
  8122 | D:8      | Found a runed translucent gate.
  8131 | D:8      | Found an opulent altar of Gozag.
  8135 | D:8      | Found a runed translucent gate.
  8136 | D:8      | Noticed Mrcawl's ghost (novice TeGl)
  8388 | D:8      | Reached XP level 10. HP: 83/91 MP: 9/9
  8650 | D:8      | Killed Mrcawl's ghost
  8862 | D:9      | Reached skill level 10 in Fighting
  8874 | D:9      | Noticed a cyan ugly thing
  8876 | D:9      | Found a staircase to the Orcish Mines.
  8876 | D:9      | Noticed a two-headed ogre
  8898 | D:8      | Killed a cyan ugly thing
  9091 | D:9      | Killed a two-headed ogre
  9447 | D:9      | Found a staircase to the Lair.
 10018 | D:9      | Reached XP level 11. HP: 99/101 MP: 10/10
 10042 | D:9      | Noticed a two-headed ogre
 10073 | D:9      | Killed a two-headed ogre
 10558 | D:9      | Reached skill level 10 in Dodging
 10560 | D:9      | Received a gift from Trog
 10808 | D:9      | Found a stormy altar of Qazlal.
 10857 | D:9      | Found a hazy altar of Hepliaklqana.
 11157 | D:9      | Found a large runed translucent door.
 11157 | D:9      | Found a large runed translucent door.
 11158 | D:9      | Noticed 0gre's ghost (novice GnIE)
 11221 | D:9      | Found a roughly hewn altar of Beogh.
 11397 | D:9      | Killed 0gre's ghost
 11430 | D:10     | Entered Level 10 of the Dungeon
 11455 | D:10     | Noticed Erolcha
 11460 | D:10     | Killed Erolcha
 11461 | D:10     | Reached skill level 15 in Axes
 12558 | Lair:1   | Entered Level 1 of the Lair of Beasts
 12569 | Lair:1   | Noticed a catoblepas
 12711 | Lair:1   | Reached XP level 12. HP: 31/112 MP: 3/11
 12712 | Lair:1   | You fall into a shaft and drop 1 floor!
 13172 | Lair:2   | Noticed a death yak
 13172 | Lair:2   | Noticed a death yak
 13174 | Lair:2   | Noticed a death yak
 13174 | Lair:2   | Noticed a death yak
 13175 | Lair:2   | Noticed a death yak
 13180 | Lair:2   | Noticed a death yak
 13191 | Lair:1   | Killed a death yak
 13196 | Lair:1   | Killed a death yak
 13719 | Lair:2   | Reached skill level 1 in Shields
 13721 | Lair:2   | Killed a death yak
 13722 | Lair:2   | Reached skill level 2 in Shields
 13732 | Lair:2   | Killed a death yak
 13733 | Lair:2   | Reached skill level 3 in Shields
 13734 | Lair:2   | Killed a death yak
 13745 | Lair:2   | Killed a death yak
 13883 | Lair:2   | Reached skill level 4 in Shields
 13897 | Lair:2   | Noticed a six-headed hydra
 13912 | Lair:2   | Killed a nine-headed hydra
 14345 | Lair:1   | Killed a catoblepas
 14346 | Lair:1   | Reached skill level 5 in Shields
 14375 | Lair:1   | Noticed Erica
 14391 | Lair:1   | Killed Erica
 14524 | Lair:1   | Reached skill level 6 in Shields
 14582 | Lair:1   | Noticed Fannar
 14782 | Lair:1   | Noticed a four-headed hydra
 14794 | Lair:1   | Killed a nine-headed hydra
 14795 | Lair:1   | Reached XP level 13. HP: 110/122 MP: 12/12
 15066 | Lair:1   | Killed Fannar
 15067 | Lair:1   | Reached skill level 7 in Shields
 15185 | Lair:1   | Found a runed translucent door.
 15185 | Lair:1   | Noticed Daunt's ghost (journeyman HuNe)
 15443 | Lair:1   | Killed Daunt's ghost
 15608 | Lair:3   | Reached skill level 8 in Shields
 15855 | Lair:3   | Got a bound wooden ring
 16815 | Lair:4   | Reached skill level 9 in Shields
 17527 | Lair:4   | Reached skill level 10 in Shields
 17688 | Lair:4   | Found a hole to the Spider Nest.
 17899 | Lair:4   | Found a staircase to the Shoals.
 18565 | Lair:5   | Reached XP level 14. HP: 132/132 MP: 11/13
 18691 | Lair:5   | Identified the cursed ring "Cicuewy" {+Fly AC-4} (You found
                  | it on level 3 of the Lair of Beasts)
 18871 | Lair:5   | Found a runed translucent door.
 18876 | Lair:5   | Noticed Jeban's ghost (journeyman OpFi)
 19044 | Lair:5   | Killed Jeban's ghost
 19045 | Lair:5   | Reached skill level 11 in Shields
 19121 | Lair:6   | Entered Level 6 of the Lair of Beasts
 20576 | Lair:5   | Reached skill level 12 in Shields
 21320 | Lair:6   | Found a runed translucent door.
 21321 | Lair:6   | Found a viscous altar of Jiyva.
 22279 | Lair:6   | Found a staircase to the Slime Pits.
 22299 | Lair:6   | Reached skill level 15 in Fighting
 22674 | Orc:1    | Entered Level 1 of the Orcish Mines
 22674 | Orc:1    | Noticed Maurice
 22793 | Orc:1    | Noticed an orc warlord
 23227 | Orc:1    | Killed an orc warlord
 23228 | Orc:1    | Reached skill level 13 in Shields
 23641 | Orc:2    | Entered Level 2 of the Orcish Mines
 23650 | Orc:2    | Found Gyvvy's Distillery.
 23698 | Orc:2    | Found Mucefecs's Assorted Antiques.
 23721 | Orc:2    | Received a gift from Trog
 23747 | Orc:2    | Bought a puce potion for 19 gold pieces
 23747 | Orc:2    | Bought a small garnet ring for 110 gold pieces
 23766 | Orc:2    | Found a roughly hewn altar of Beogh.
 23841 | Orc:2    | Found a staircase to the Elven Halls.
 23916 | Orc:2    | Found a roughly hewn altar of Beogh.
 23917 | Orc:2    | Found Qemoz's Antique Weapon Boutique.
 24055 | Orc:2    | Noticed Saint Roka
 24062 | Orc:2    | Reached XP level 15. HP: 141/141 MP: 14/14
 24392 | Orc:2    | Found Caorieka's Antique Weapon Shop.
 24393 | Orc:2    | Found a roughly hewn altar of Beogh.
 24396 | Orc:2    | Found Lononn's Antique Armour Boutique.
 24401 | Orc:2    | Bought a pair of boots for 117 gold pieces
 24434 | Orc:2    | Paralysed by an orc sorcerer for 3 turns
 24714 | Orc:2    | Found a roughly hewn altar of Beogh.
 24786 | Orc:2    | Found a roughly hewn altar of Beogh.
 25004 | Orc:1    | Killed Maurice
 25477 | Orc:2    | Killed Saint Roka
 25478 | Orc:2    | Reached skill level 14 in Shields
 25676 | Orc:2    | Found a roughly hewn altar of Beogh.
 25677 | Orc:2    | Found Elefer's Assorted Antiques.
 25736 | Orc:2    | Bought a scroll of identify for 54 gold pieces
 25736 | Orc:2    | Bought a large fluorescent amulet for 135 gold pieces
 27896 | D:12     | Received a gift from Trog
 27897 | D:12     | Reached skill level 15 in Shields
 28738 | D:12     | Reached skill level 16 in Shields
 28738 | D:12     | Reached XP level 16. HP: 152/152 MP: 15/15
 29110 | D:12     | Noticed a storm dragon
 29123 | D:12     | Killed a storm dragon
 29836 | D:13     | Found a runed translucent door.
 29839 | D:13     | Noticed Obien's ghost (journeyman TrHu)
 29858 | D:13     | Killed Obien's ghost
 29869 | D:13     | Got a glimmering dagger
 30957 | D:13     | Got a fading demon whip
 30994 | D:14     | Found a gate to the Vaults.
 30994 | D:14     | Noticed Rupert
 31028 | D:13     | Killed Rupert
 31192 | D:14     | Reached skill level 17 in Shields
 31874 | D:14     | Reached XP level 17. HP: 161/161 MP: 16/16
 32377 | D:15     | Entered Level 15 of the Dungeon
 32444 | D:15     | Found a runed translucent gate.
 32444 | D:15     | Found a runed translucent gate.
 32445 | D:15     | Found a runed translucent gate.
 32448 | D:15     | Noticed Vuirau's ghost (journeyman DsGl)
 32453 | D:15     | Found an iron altar of Okawaru.
 32548 | D:15     | Received a gift from Trog
 32788 | D:15     | Reached skill level 18 in Shields
 33086 | D:15     | Found a staircase to the Depths.
 33340 | D:15     | Killed Vuirau's ghost
 33363 | D:15     | Identified the +2 chain mail of Howuiju {rPois Will- MP+9
                  | SInv} (You found it on level 15 of the Dungeon)
 33364 | D:15     | Identified the +5 demon whip "Sogaoc Ceama" {flame, Int+3}
                  | (You found it on level 13 of the Dungeon)
 33644 | Spider:1 | Entered Level 1 of the Spider Nest
 34067 | Shoals:1 | Entered Level 1 of the Shoals
 34426 | Shoals:1 | Noticed Josephine
 34448 | Shoals:1 | Killed Josephine
 34520 | Shoals:1 | Reached skill level 19 in Shields
 35593 | Shoals:2 | Noticed a kraken
 35623 | Shoals:2 | Found a frozen archway.
 36341 | Shoals:2 | You fall into a shaft and drop 1 floor!
 37453 | Shoals:3 | Reached skill level 20 in Shields
 38161 | Shoals:3 | Received a gift from Trog
 38162 | Shoals:3 | Reached XP level 18. HP: 153/174 MP: 17/17
 38667 | Shoals:4 | Entered Level 4 of the Shoals
 38668 | Shoals:4 | Noticed Polyphemus
 38679 | Shoals:4 | Killed Polyphemus
 40059 | Shoals:4 | Noticed Nikola
 40076 | Shoals:4 | Killed Nikola
 40077 | Shoals:4 | Reached skill level 21 in Shields
 40094 | Shoals:4 | Noticed Donald
 40109 | Shoals:4 | Killed Donald
 40172 | Shoals:4 | Received a gift from Trog
 40200 | Shoals:4 | Got a barnacled rune of Zot
 41244 | Spider:1 | Identified the +2 tower shield "Nipajod" {Dex+2 Slay+3}
 41244 | Spider:1 | Noticed Louise
 41247 | Spider:1 | Noticed Jorgrun
 41257 | Spider:1 | Killed Jorgrun
 41262 | Spider:1 | Killed Louise
 45676 | Spider:2 | Reached skill level 22 in Shields
 47223 | Spider:4 | Entered Level 4 of the Spider Nest
 47932 | Spider:4 | Paralysed by a meliai for 5 turns
 48149 | Spider:4 | Reached XP level 19. HP: 149/185 MP: 18/18
 48754 | Spider:4 | Reached skill level 23 in Shields
 48862 | Spider:4 | Got a gossamer rune of Zot
 49279 | Depths:1 | Entered Level 1 of the Depths
 49966 | Depths:1 | Noticed a pearl dragon
 49982 | Depths:1 | Killed a pearl dragon
 50152 | Depths:1 | Found a glowing silver altar of Zin.
 50152 | Depths:1 | Found a white marble altar of Elyvilon.
 50153 | Depths:1 | Found a glowing golden altar of the Shining One.
 50362 | Depths:1 | Found a gateway to Hell.
 52370 | Depths:2 | Slain by a death yak

Illustrated notes

Levels and vault maps discovered:
D:1:      psy_arrival_statuary, layout_basic, serial_bayou_lake_a
D:2:      layout_basic, grunt_temple_overflow_open
D:3:      minmay_goblin_kobold_castle, layout_rooms
D:4:      kennysheep_the_goblin_king, layout_loops_corners, lemuel_round_altar,
          okawaru_trees_2
D:5:      layout_cave_pods, minmay_temple_entry_glass, serial_bayou,
          serial_bayou_shore_a, serial_bayou_lagoon_a, serial_bayou_crossing,
          serial_bayou_pond_e, uniq_pikel, uniq_edmund
D:6:      kennysheep_slugbush, layout_cave_pools, kennysheep_mini_moat,
          chequers_garden, minmay_misc_feat_nine_boxes, amcnicky_altar_gilded,
          uniq_duvessa, uniq_blork_the_orc
D:7:      kennysheep_kobold_camp, layout_rooms, kennysheep_generic_room_11
D:8:      layout_loops_corners, old_standard_altar,
          nicolae_overflow_hidden_temple, ebering_ghost_gozag,
          kennysheep_generic_room_14
D:9:      layout_small_grid, nicolae_overflow_crystal_walls, marbit_many_paths,
          due_lair_maze_entry_diamond, minmay_orc_entry_temple_small,
          ebering_ghost_disaster_area, serial_glass, glass_columns_b,
          glass_columns_a
D:10:     minmay_flawed_box, layout_gridville, uniq_erolcha
D:11:     layout_grid_maze, minmay_splitting_lines
D:12:     minmay_the_grid_3x2 [minmay_the_grid_garden, minmay_the_grid_dragon_a,
          minmay_the_grid_tiny_cups, minmay_the_grid_broken_lines,
          minmay_the_grid_stretched_grid, minmay_the_grid_prize_diamond_cup],
          layout_irregular_city
D:13:     layout_layer_cave, ebering_ghost_inner_flame
D:14:     layout_grid_maze, david_vaults_3, minmay_misc_feat_five,
          grunt_ministairs_12
D:15:     hangedman_depths_entry_civil_slaughter, layout_loops_ring,
          minivault_26, gammafunk_ghost_fury_of_okawaru
Lair:1:   statuecave_lemuel, layout_misc_corridors, gammafunk_ghost_grave,
          uniq_fannar, uniq_erica
Lair:2:   layout_chaotic_city, minivault_26, lemuel_fruit_tree,
          grunt_megastairs_3
Lair:3:   layout_cave_pods, serial_rivers, chequers_serial_rivers_large_a,
          chequers_serial_rivers_micro_e, chequers_serial_rivers_room_a,
          chequers_serial_rivers_small_b, chequers_serial_rivers_micro_d,
          chequers_serial_rivers_micro_d, chequers_serial_rivers_micro_c,
          minmay_lair_oklob_chamber
Lair:4:   layout_regular_city, elwin_shoals_entry_rooms, spider_nest_entry_webs
Lair:5:   layout_hall_layers, ebering_ghost_reflecting_pool, minivault_24,
          beast_lair_carwin_10, infiniplex_staircase_pool_2, uniq_rupert
Lair:6:   gammafunk_lair_ancient_temple, layout_long_grid, slime_altar_2,
          serial_bayou_lagoon_b
Shoals:1: layout_shoals, uniq_josephine
Shoals:2: layout_shoals, portal_ice_cave_entry_pillars_2
Shoals:3: layout_shoals
Shoals:4: shoals_end_hangedman, layout_shoals, uniq_donald, uniq_polyphemus,
          uniq_nikola
Spider:1: layout_spider_delve, drop_trap, guppyfry_hornet_nest, uniq_louise,
          uniq_jorgrun
Spider:2: layout_spider_delve
Spider:3: lemuel_spider_zombies
Spider:4: spider_rune_water
Orc:1:    layout_diamond_mine, uniq_maurice
Orc:2:    grunt_orc_community_town_hall, layout_caves,
          grunt_orc_community_big_house_1, grunt_orc_community_big_house_1,
          grunt_orc_community_house_1, grunt_orc_community_house_1,
          grunt_orc_community_house_2, grunt_orc_community_house_1,
          serial_shops, shop, shop
Depths:1: layout_basic, hellmouth_2, drop_trap, serial_sigils_hangedman_stare,
          hallowed_hall
Depths:2: cheibrodos_witchhunters_guild, layout_gridlike,
          rand_demon_pan_entry_1, pf_coc_iceberg, infiniplex_staircase_river

Skill      XL: |  1  2  3  4  5  6  7  8  9 10 11 12 13 14 15 16 17 18 19 |
---------------+----------------------------------------------------------+-----
Axes           | 4 5 6 7 8 10 12 14 16 17 18 20 | 20.0
Fighting       | 4 5 6 7 9 10 12 13 14 15 16 17 18 20 21 | 21.0
Dodging        | 3 4 5 6 8 9 10 11 | 11.3
Shields        | 6 10 13 16 17 20 22 23 | 23.9
Armour         | |  2.4

Action                   |  1- 3 |  4- 6 |  7- 9 | 10-12 | 13-15 | 16-18 | 19-21 || total
-------------------------+-------+-------+-------+-------+-------+-------+-------++-------
Melee: Hand axe          |    82 |   160 |   293 |   495 |    16 |     5 |       ||  1051
       Headbutt          |    12 |    23 |    67 |   101 |   177 |   273 |    79 ||   732
       Battleaxe         |       |       |       |       |   706 |  1167 |   295 ||  2168
Invok: Berserk           |     2 |     4 |     5 |    13 |    18 |    25 |     8 ||    75
       Brothers in Arms  |       |       |     2 |     8 |     6 |    15 |     7 ||    38
       Trog's Hand       |       |       |     1 |    13 |     9 |    12 |     5 ||    40
  Use: Scroll            |       |     6 |    13 |    12 |    30 |    11 |     5 ||    77
       Potion            |       |       |       |     5 |     2 |     3 |     1 ||    11
 Stab: Distracted        |       |       |       |     1 |       |     1 |       ||     2
Armor: Animal skin       |     6 |       |       |       |       |       |       ||     6
       Plate armour      |    26 |   135 |   143 |   215 |   336 |   746 |   168 ||  1769
Dodge: Dodged            |    38 |    82 |    87 |   229 |   323 |   817 |   187 ||  1763
       Repelled          |       |       |       |       |       |     1 |     3 ||     4
Block: Kite shield       |       |       |       |     5 |       |       |       ||     5
       Other             |       |       |       |       |    89 |   178 |       ||   267
       Reflection        |       |       |       |       |     4 |    18 |       ||    22
